 Dungeon Crawl Stone Soup version 0.31-a0-174-g85c54bcb58 (webtiles) character file.

Game seed: 9428685653955507554

12352 qw the Cleaver (level 11, -3/72 HPs)
             Began as a Gargoyle Fighter on June 15, 2023.
             Was an Elder of Okawaru.
             Slain by Sonja
             ... wielding a +2 dagger of distortion
              (23 damage)
             ... on level 1 of the Lair of Beasts.
             The game lasted 00:06:05 (9790 turns).

qw the Cleaver (Gargoyle Fighter)                   Turns: 9790, Time: 00:06:05

Health: -3/72      AC: 29    Str: 24    XL:     11   Next: 92%
Magic:  12/14      EV:  9    Int:  9    God:    Okawaru [****..]
Gold:   623        SH:  6    Dex:  9    Spells: 10/10 levels left

rFire   . . .        n - +2 war axe
rCold   . . .        c - +0 buckler
rNeg    + . .        l - +0 plate armour
rPois   inf          m - +0 helmet
rElec   +            r - +0 cloak
rCorr   .            e - +0 pair of gloves
SInv    +            (no boots)
Will    .....        f - amulet of the acrobat Stlth
                     g - ring of see invisible
HPRegen 0.32/turn    (no ring)
MPRegen 0.14/turn

%: acrobat
@: heroic
A: sickness immunity, AC +8, negative energy resistance 1, electricity
resistance, torment resistance 1, petrification resistance
a: Renounce Religion, Heroism, Finesse


You were on level 1 of the Lair of Beasts.
You worshipped Okawaru.
Okawaru was greatly pleased with you.
You visited 3 branches of the dungeon, and saw 10 of its levels.

You collected 713 gold pieces.
You spent 90 gold pieces at shops.


Innate Abilities, Weirdness & Mutations

You are immune to sickness and miasma.
Your stone body is resilient. (AC +8)
You are immune to poison.
You resist negative energy. (rN+)
You are resistant to electric shocks. (rElec)
You are resistant to unholy torment.
You are immune to petrification.


   Skills:
 - Level 10.0(15.0) Fighting
 + Level 12.0(17.0) Axes
 - Level 9.0(14.0) Armour
 - Level 2.7(7.7) Dodging
 - Level 6.0(11.0) Shields
 + Level 4.7 Invocations


You had 10 spell levels left.
You didn't know any spells.
Your spell library was empty.

Inventory:

Hand Weapons
 n - a +2 war axe (weapon)
 q - a +0 morningstar
Armour
 c - a +0 buckler (worn)
 e - a +0 pair of gloves (worn)
 l - a +0 plate armour (worn)
 m - a +0 helmet (worn)
 r - a +0 cloak (worn)
Jewellery
 f - an amulet of the acrobat (around neck)
 g - a ring of see invisible (left hand)
 u - a ring of wizardry
 w - an amulet of faith
Scrolls
 b - 4 scrolls of identify
 k - 3 scrolls of teleportation
 o - a scroll of brand weapon {unknown}
 s - a scroll of enchant armour {unknown}
Potions
 a - 3 potions of curing
 d - a potion of might
 h - a potion of attraction
 i - 2 potions of magic
 j - 2 potions of mutation
 p - a potion of haste
 t - a potion of lignification
 v - 2 potions of heal wounds {unknown}

Dungeon Overview and Level Annotations

Branches:
Dungeon (8/15)             Temple (1/1) D:5            Lair (1/5) D:8

Altars:
Ashenzari
Cheibriados
Dithmenos
Elyvilon
Fedhas
Gozag
Hepliaklqana
Kikubaaqudgha
Makhleb
Okawaru
Qazlal
Ru
Sif Muna
Trog
Uskayaw
Vehumet
Xom
Yredelemnul
Zin
The Shining One

Annotations:
D:5 1 runed translucent door, Crazy Yiuf
Lair:1 Sonja


Message History

Sonja blinks!
The roots lose their grip on you. The basilisk completely misses you.
You slice the basilisk!!
The basilisk is almost dead.
You block the basilisk's attack.
You barely miss the basilisk.
The basilisk is almost dead.
The basilisk bites you but does no damage.
You closely miss the basilisk.
The basilisk is almost dead.
The basilisk barely misses you.
You hit the basilisk.
The basilisk is almost dead.
The basilisk gazes at you.
You are unaffected.
You slice the basilisk!!
You kill the basilisk!
Okawaru accepts your kill.
Sonja mumbles some strange words.
Sonja blinks!
Your Fighting skill increases to level 10!
You closely miss Sonja.
Sonja is moderately wounded.
Sonja zaps a wand.
The roots erupt in riotous growth!
The grasping roots grab you!
Sonja is unaffected.
The now-empty wand crumbles to dust.
The grasping roots constrict you.
You closely miss Sonja.
Sonja is moderately wounded.
Sonja hits you with a +2 dagger of distortion.
Space warps horribly around you! Sonja hits you but does no damage.
Space warps horribly around you!! Sonja hits you but does no damage.
You escape the roots grasp.
You blink.
9790 ||| INVOKING Heroism.
You gain the combat prowess of a mighty hero.
Sonja hits you with a +2 dagger of distortion.
Space warps around you. Sonja hits you but does no damage. x2
Space warps around you. Sonja hits you but does no damage.
Space warps horribly around you!!
You die...

....... ......#
>....... ...¤.#
........ .....
........ ...#
.#.#...# P.# ......
#%## ...# #¤.# ...#
# .. ##K## ...#...#
.... #@.# .%.....#
..P. ##.# .......#
#...###.#
#PP#...####.#.P##.#
..................#
..................#
..................#
..................##
.............(.....#


You could see Sonja.

Vanquished Creatures
  A deep elf pyromancer (D:8)
  2 cyclopes (D:8)
  5 elephants (Lair:1)
  A torpor snail (Lair:1)
  4 cane toads (Lair:1)
  A rime drake (Lair:1)
  2 komodo dragons
  A polar bear (Lair:1)
  A hornet (D:8)
  Sigmund (D:2)
  9 yaks
  Eustachio (D:6)
  2 basilisks (Lair:1)
  Edmund (D:4)
  2 water moccasins
  3 orc warriors
  A black bear (D:5)
  2 sky beasts
  3 ice beasts (D:7)
  A centaur (D:6)
  3 wolves (Lair:1)
  A kobold brigand (D:6)
  Blork the orc (D:5)
  5 bullfrogs
  3 necrophages (D:5)
  2 wyvern zombies (D:7)
  3 scorpions
  3 gnoll sergeants (D:6)
  A water moccasin zombie (D:5)
  14 wights
  2 howler monkeys
  2 electric eels (D:6)
  A centaur zombie (D:7)
  3 bullfrog zombies
  7 hounds
  4 jellies
  6 orc priests
  A gnoll bouda (D:6)
  2 iguanas
  2 sleepcaps (D:4)
  Ijyb (D:4)
  12 orc wizards
  Natasha (thrice) (D:2)
  A hound zombie (D:5)
  2 howler monkey zombies
  6 gnolls (D:6)
  11 adders
  A white imp (D:5)
  An ufetubus (D:5)
  A dart slug (D:2)
  3 worms
  28 orcs
  6 endoplasms
  2 giant cockroaches
  14 hobgoblins
  9 kobolds
  2 quokkas (D:4)
  6 ball pythons
  3 goblins
  5 rats
227 creatures vanquished.

Notes
Turn   | Place    | Note
-------+----------+-------------------------------------------
     0 | D:1      | qw the Gargoyle Fighter began the quest for the Orb.
     0 | D:1      | Reached XP level 1. HP: 14/14 MP: 1/1
     0 | D:1      | 0 ||| qw: Version: 0.2-a-29-g511e9b1
     0 | D:1      | 0 ||| qw: Game counter: 5389
     0 | D:1      | 0 ||| qw: Always use a shield: true
     0 | D:1      | 0 ||| qw: God list: Okawaru
     0 | D:1      | 0 ||| qw: Allow faded altars: false
     0 | D:1      | 0 ||| qw: Do Orc after D:15 true
     0 | D:1      | 0 ||| qw: Do second Lair branch before Depths: true
     0 | D:1      | 0 ||| qw: Lair rune preference: random
     0 | D:1      | 0 ||| qw: Plans: Normal, Zot:1-4, Slime:5, God:TSO, Crypt,
                  | Tomb, Abyss, Pan, Hells, Win
     0 | D:1      | 0 ||| PLANNING D:1-11
   126 | D:1      | Reached skill level 2 in Axes
   414 | D:1      | Reached XP level 2. HP: 19/19 MP: 2/2
   557 | D:1      | 557 ||| UPGRADING to +0 pair of gloves.
   562 | D:1      | 562 ||| READING scroll labelled ILALLI MENWIW.
   567 | D:1      | 567 ||| READING scroll labelled WIKHAH KUARGH.
   571 | D:2      | Noticed Sigmund
   579 | D:2      | HP: 4/19 [Sigmund/+0 scythe (10)]
   584 | D:2      | HP: 1/19 [Sigmund/+0 scythe (3)]
   586 | D:2      | Killed Sigmund
   587 | D:2      | Reached skill level 5 in Axes
   587 | D:2      | Reached XP level 3. HP: 2/23 MP: 3/3
   587 | D:2      | Reached XP level 4. HP: 3/28 MP: 4/4
   587 | D:2      | Reached XP level 5. HP: 3/32 MP: 5/5
   858 | D:2      | Found a faded altar of an unknown god.
  1139 | D:2      | Noticed Natasha
  1147 | D:2      | Killed Natasha
  1289 | D:2      | Noticed Natasha
  1302 | D:2      | Killed Natasha
  1303 | D:2      | Reached XP level 6. HP: 38/38 MP: 6/6
  1372 | D:2      | 1372 ||| READING scroll labelled MYETETT XEMAQO.
  1373 | D:2      | 1373 ||| READING scroll labelled QEOVOFIUCU.
  1374 | D:2      | 1374 ||| DRINKING 3 fuming purple potions.
  1375 | D:2      | 1375 ||| DROPPING 2 potions of enlightenment.
  1419 | D:3      | 1419 ||| Stepping ~*~*~tactically~*~*~ (stealth).
  1627 | D:3      | 1627 ||| UPGRADING to amulet of the acrobat.
  1632 | D:3      | 1632 ||| READING scroll labelled NYUPNI ONET.
  1633 | D:3      | 1633 ||| DRINKING 2 fuming black potions.
  1713 | D:3      | 1713 ||| STAIRDANCE
  1716 | D:2      | Reached skill level 1 in Dodging
  1736 | D:2      | Noticed Natasha
  1745 | D:2      | Killed Natasha
  1784 | D:2      | 1784 ||| DRINKING 2 bubbling cyan potions.
  1793 | D:3      | 1793 ||| STAIRDANCE
  1925 | D:3      | Found a stormy altar of Qazlal.
  1926 | D:3      | 1926 ||| Stepping ~*~*~tactically~*~*~ (stealth).
  2068 | D:3      | 2068 ||| UPGRADING to +0 plate armour.
  2078 | D:3      | 2078 ||| DROPPING +0 scale mail.
  2079 | D:3      | 2079 ||| READING scroll labelled YPOROU KISOR.
  2428 | D:4      | 2428 ||| DROPPING +0 mace.
  2430 | D:4      | 2430 ||| Stepping ~*~*~tactically~*~*~ (stealth).
  2437 | D:4      | Reached skill level 6 in Axes
  2437 | D:4      | Reached XP level 7. HP: 43/43 MP: 7/7
  2474 | D:4      | 2474 ||| Stepping ~*~*~tactically~*~*~ (stealth).
  2475 | D:4      | 2475 ||| Stepping ~*~*~tactically~*~*~ (stealth).
  2715 | D:4      | 2715 ||| Stepping ~*~*~tactically~*~*~ (stealth).
  2739 | D:4      | 2739 ||| Stepping ~*~*~tactically~*~*~ (stealth).
  2740 | D:4      | 2740 ||| Stepping ~*~*~tactically~*~*~ (stealth).
  2771 | D:4      | 2771 ||| Stepping ~*~*~tactically~*~*~ (stealth).
  2803 | D:4      | 2803 ||| Stepping ~*~*~tactically~*~*~ (stealth).
  2915 | D:4      | 2915 ||| Stepping ~*~*~tactically~*~*~ (stealth).
  2916 | D:4      | 2916 ||| Stepping ~*~*~tactically~*~*~ (stealth).
  3043 | D:4      | Noticed Ijyb
  3044 | D:4      | 3044 ||| Stepping ~*~*~tactically~*~*~ (hiding).
  3048 | D:4      | 3048 ||| Stepping ~*~*~tactically~*~*~ (hiding).
  3049 | D:4      | 3049 ||| Stepping ~*~*~tactically~*~*~ (hiding).
  3055 | D:4      | Killed Ijyb
  3269 | D:4      | Noticed Edmund
  3285 | D:4      | Killed Edmund
  3286 | D:4      | Reached skill level 7 in Axes
  3286 | D:4      | Reached XP level 8. HP: 28/48 MP: 8/8
  3356 | D:4      | 3356 ||| DROPPING +0 flail.
  3405 | D:4      | 3405 ||| READING 3 scrolls of identify.
  3405 | D:4      | 3405 ||| IDENTIFYING bubbling clear potion
  3406 | D:4      | 3406 ||| READING 2 scrolls of identify.
  3406 | D:4      | 3406 ||| IDENTIFYING bubbling brown potion
  3407 | D:4      | 3407 ||| DROPPING potion of invisibility.
  3460 | D:5      | Entered Level 5 of the Dungeon
  3460 | D:5      | Noticed Blork the orc
  3462 | D:5      | 3462 ||| Stepping ~*~*~tactically~*~*~ (hiding).
  3476 | D:5      | Killed Blork the orc
  3548 | D:5      | Found Zin's Purification Station.
  3558 | D:5      | Found a glowing silver altar of Zin.
  3563 | D:5      | 3563 ||| BUYING potion of curing (90 gold).
  3563 | D:5      | Bought a potion of curing for 90 gold pieces
  3785 | D:5      | Found a runed translucent door.
  3786 | D:5      | Noticed Crazy Yiuf
  3843 | D:5      | Reached skill level 8 in Axes
  3929 | D:5      | Found a staircase to the Ecumenical Temple.
  3930 | D:5      | 3930 ||| PLANNING TEMPLE
  3930 | D:5      | 3930 ||| UPGRADING to ring of see invisible.
  3939 | Temple   | Entered the Ecumenical Temple
  4001 | Temple   | 4001 ||| PLANNING OKAWARU WORSHIP
  4108 | Temple   | Became a worshipper of Warmaster Okawaru
  4109 | Temple   | 4109 ||| PLANNING D:1-11
  4250 | D:5      | Found a blossoming altar of Fedhas.
  4520 | D:5      | Reached skill level 6 in Fighting
  4532 | D:5      | 4532 ||| Stepping ~*~*~tactically~*~*~ (stealth).
  4572 | D:5      | 4572 ||| Stepping ~*~*~tactically~*~*~ (stealth).
  4780 | D:6      | Noticed Eustachio
  4799 | D:6      | Killed Eustachio
  4800 | D:6      | Reached XP level 9. HP: 55/55 MP: 9/9
  4844 | D:6      | Reached skill level 9 in Axes
  4908 | D:6      | 4908 ||| DRINKING 4 potions of curing.
  4908 | D:6      | 4908 ||| (to cure confusion)
  4942 | D:6      | Reached * piety under Okawaru
  4981 | D:6      | 4981 ||| INVOKING Heroism.
  4983 | D:6      | Reached skill level 1 in Invocations
  4996 | D:6      | 4996 ||| INVOKING Heroism.
  4997 | D:6      | 4997 ||| INVOKING Heroism.
  5027 | D:6      | 5027 ||| FLEEEEING.
  5028 | D:6      | 5028 ||| FLEEEEING.
  5029 | D:6      | 5029 ||| FLEEEEING.
  5030 | D:6      | 5030 ||| FLEEEEING.
  5035 | D:6      | 5035 ||| FLEEEEING.
  5036 | D:6      | 5036 ||| FLEEEEING.
  5037 | D:6      | 5037 ||| FLEEEEING.
  5038 | D:6      | 5038 ||| FLEEEEING.
  5039 | D:6      | 5039 ||| FLEEEEING.
  5040 | D:6      | 5040 ||| FLEEEEING.
  5041 | D:6      | 5041 ||| FLEEEEING.
  5042 | D:6      | 5042 ||| FLEEEEING.
  5043 | D:6      | 5043 ||| FLEEEEING.
  5045 | D:6      | 5045 ||| FLEEEEING.
  5046 | D:6      | 5046 ||| FLEEEEING.
  5047 | D:6      | 5047 ||| STAIRDANCE
  5175 | D:5      | 5175 ||| READING scroll labelled RECOECWEFA.
  5176 | D:5      | 5176 ||| READING scroll labelled SITAICS QUOLOL.
  5255 | D:6      | 5255 ||| Stepping ~*~*~tactically~*~*~ (stealth).
  5256 | D:6      | 5256 ||| Stepping ~*~*~tactically~*~*~ (stealth).
  5384 | D:6      | 5384 ||| INVOKING Heroism.
  5451 | D:6      | 5451 ||| Stepping ~*~*~tactically~*~*~ (hiding).
  5452 | D:6      | 5452 ||| Stepping ~*~*~tactically~*~*~ (hiding).
  5453 | D:6      | 5453 ||| Stepping ~*~*~tactically~*~*~ (hiding).
  5455 | D:6      | 5455 ||| Stepping ~*~*~tactically~*~*~ (hiding).
  5496 | D:6      | 5496 ||| INVOKING Heroism.
  5686 | D:6      | Found a shimmering altar of Xom.
  5687 | D:6      | 5687 ||| Stepping ~*~*~tactically~*~*~ (hiding).
  5694 | D:6      | Reached skill level 6 in Armour
  5694 | D:6      | Reached skill level 3 in Invocations
  5694 | D:6      | 5694 ||| Stepping ~*~*~tactically~*~*~ (stealth).
  5697 | D:6      | 5697 ||| INVOKING Heroism.
  5706 | D:6      | 5706 ||| DRINKING 4 potions of curing.
  5706 | D:6      | 5706 ||| (to cure confusion)
  5738 | D:6      | Found a hazy altar of Hepliaklqana.
  6000 | D:6      | 6000 ||| INVOKING Heroism.
  6182 | D:6      | 6182 ||| Stepping ~*~*~tactically~*~*~ (stealth).
  6190 | D:6      | 6190 ||| Stepping ~*~*~tactically~*~*~ (hiding).
  6438 | D:6      | 6438 ||| UPGRADING to +0 cloak.
  6443 | D:6      | 6443 ||| READING scroll labelled GESETI UMETH.
  6444 | D:6      | 6444 ||| READING scroll labelled SENEORAOPH.
  6483 | D:6      | 6483 ||| READING 3 scrolls of identify.
  6483 | D:6      | 6483 ||| IDENTIFYING red potion
  6519 | D:7      | Found a shimmering blue altar of Sif Muna.
  6730 | D:7      | 6730 ||| DROPPING +2 mace of holy wrath.
  6731 | D:7      | 6731 ||| DROPPING +1 heavy flail.
  6804 | D:7      | Reached XP level 10. HP: 63/63 MP: 13/13
  6807 | D:7      | 6807 ||| INVOKING Heroism.
  6814 | D:7      | Reached skill level 10 in Axes
  7133 | D:7      | 7133 ||| FLEEEEING.
  7134 | D:7      | 7134 ||| FLEEEEING.
  7345 | D:7      | 7345 ||| UPGRADING to +0 helmet.
  7350 | D:7      | 7350 ||| DROPPING amulet of magic regeneration.
  7351 | D:7      | 7351 ||| READING scroll labelled DIKHOBU QOLUOM.
  7352 | D:7      | 7352 ||| READING 5 scrolls of identify.
  7352 | D:7      | 7352 ||| IDENTIFYING inky potion
  7353 | D:7      | 7353 ||| READING 4 scrolls of identify.
  7353 | D:7      | 7353 ||| IDENTIFYING cyan potion
  7354 | D:7      | 7354 ||| DROPPING potion of brilliance.
  7365 | D:8      | 7365 ||| STAIRDANCE
  7367 | D:7      | 7367 ||| INVOKING Heroism.
  7370 | D:7      | HP: 16/64 [yak (1)]
  7371 | D:7      | 7371 ||| READING 4 scrolls of teleportation.
  7374 | D:7      | HP: 2/64 [yak (7)]
  7375 | D:7      | Reached ** piety under Okawaru
  7634 | D:8      | 7634 ||| STAIRDANCE
  7640 | D:7      | 7640 ||| INVOKING Heroism.
  7730 | D:8      | 7730 ||| STAIRDANCE
  7760 | D:8      | 7760 ||| INVOKING Heroism.
  7883 | D:8      | 7883 ||| Stepping ~*~*~tactically~*~*~ (hiding).
  7894 | D:8      | 7894 ||| INVOKING Heroism.
  8048 | D:8      | Found a staircase to the Lair.
  8059 | D:8      | Found a shadowy altar of Dithmenos.
  8129 | D:8      | 8129 ||| INVOKING Heroism.
  8271 | D:8      | Found a radiant altar of Vehumet.
  8272 | D:8      | 8272 ||| UPGRADING to +2 war axe.
  8273 | D:8      | 8273 ||| DROPPING +1 war axe.
  8470 | D:8      | Noticed a cyclops
  8480 | D:8      | 8480 ||| INVOKING Heroism.
  8484 | D:8      | Reached skill level 11 in Axes
  8484 | D:8      | Noticed a cyclops
  8492 | D:8      | HP: 7/64 [cyclops (18)]
  8493 | D:8      | 8493 ||| READING 4 scrolls of teleportation.
  8495 | D:8      | Killed a cyclops
  8730 | D:8      | 8730 ||| INVOKING Heroism.
  8735 | D:8      | Killed a cyclops
  8736 | D:8      | Reached XP level 11. HP: 68/69 MP: 11/14
  8760 | D:8      | Noticed a deep elf pyromancer
  8775 | D:8      | Killed a deep elf pyromancer
  8776 | D:8      | Reached skill level 9 in Fighting
  8925 | D:8      | 8925 ||| PLANNING LAIR
  8954 | Lair:1   | Entered Level 1 of the Lair of Beasts
  8955 | Lair:1   | 8955 ||| INVOKING Heroism.
  8973 | Lair:1   | 8973 ||| STAIRDANCE
  8975 | D:8      | 8975 ||| INVOKING Heroism.
  9105 | Lair:1   | Reached *** piety under Okawaru
  9143 | Lair:1   | 9143 ||| INVOKING Heroism.
  9158 | Lair:1   | 9158 ||| INVOKING Heroism.
  9234 | Lair:1   | 9234 ||| INVOKING Heroism.
  9242 | Lair:1   | Reached skill level 12 in Axes
  9275 | Lair:1   | 9275 ||| Stepping ~*~*~tactically~*~*~ (hiding).
  9331 | Lair:1   | 9331 ||| INVOKING Heroism.
  9371 | Lair:1   | 9371 ||| Stepping ~*~*~tactically~*~*~ (stealth).
  9381 | Lair:1   | 9381 ||| INVOKING Heroism.
  9392 | Lair:1   | Reached skill level 9 in Armour
  9512 | Lair:1   | Reached skill level 6 in Shields
  9538 | Lair:1   | 9538 ||| INVOKING Heroism.
  9555 | Lair:1   | Reached **** piety under Okawaru
  9762 | Lair:1   | Noticed Sonja
  9763 | Lair:1   | 9763 ||| Stepping ~*~*~tactically~*~*~ (hiding).
  9767 | Lair:1   | 9767 ||| Stepping ~*~*~tactically~*~*~ (hiding).
  9769 | Lair:1   | 9769 ||| Stepping ~*~*~tactically~*~*~ (hiding).
  9790 | Lair:1   | 9790 ||| INVOKING Heroism.
  9790 | Lair:1   | Slain by Sonja

Levels and vault maps discovered:
D:1:      mrwooster_arrival_statue, layout_basic
D:2:      layout_basic, ebering_ecumenical_altar_webs, uniq_natasha,
          uniq_sigmund
D:3:      layout_basic, mainiacjoe_overflow_surrounded_room
D:4:      minmay_skewed_foursquare, layout_basic, hellmonk_no_cap, uniq_ijyb,
          uniq_edmund
D:5:      layout_rooms, fedhas_altar_decomposition, zin_purify,
          minmay_temple_entry_waves, uniq_crazy_yiuf_cottage, uniq_blork_the_orc
D:6:      kennysheep_housing_project, layout_loops_corners,
          overflow_temple_1_default, xom_teletrap_fun, lightli_minifort,
          uniq_eustachio
D:7:      layout_loops_ring, mainiacjoe_overflow_catwalk, serial_undead,
          serial_undead_c, serial_undead_a, serial_undead_c, serial_undead_f,
          serial_undead_e, minmay_between
D:8:      minmay_chambers_of_sixes, layout_basic,
          mainiacjoe_overflow_tiny_flanked, lemuel_doored_altar,
          lair_entry_dummy
Temple:   nicolae_temple_bog_church
Lair:1:   layout_regular_city, evilmike_ambush [evilmike_ambush_outer_basic,
          evilmike_ambush_inner_basic], uniq_sonja

Skill      XL: |  1  2  3  4  5  6  7  8  9 10 11 |
---------------+----------------------------------+-----
Axes           | 2 5 6 7 8 9 11 12 | 12.0
Fighting       | 4 6 7 8 10 | 10.0
Dodging        | 1 2 |  2.7
Armour         | 4 5 6 8 9 |  9.0
Shields        | 4 5 6 |  6.0
Invocations    | 4 |  4.7

Action                     |  1- 3 |  4- 6 |  7- 9 | 10-12 || total
---------------------------+-------+-------+-------+-------++-------
  Melee: War axe           |    32 |   150 |   484 |   385 ||  1051
 Invoke: Heroism           |       |       |     6 |    17 ||    23
    Use: Scroll            |     2 |     4 |     7 |     5 ||    18
         Potion            |       |     3 |     2 |       ||     5
 Armour: Scale mail        |    15 |    47 |       |       ||    62
         Plate armour      |       |    25 |   271 |   206 ||   502
  Dodge: Dodged            |    11 |    56 |   148 |   113 ||   328
  Block: Buckler           |     3 |    34 |    88 |    84 ||   209

Table legend:
 A = Non-vault XP
 B = Vault XP
 C = Vault XP percentage of total XP
 D = Non-vault monster count
 E = Vault monster count
 F = Vault count percentage of total count
                 A         B        C        D         E       F
            +---------+---------+-------+---------+---------+-------
      Total |   11640 |    6007 |  34.0 |     147 |      80 |  35.2
            +---------+---------+-------+---------+---------+-------
        D:1 |      10 |       0 |   0.0 |       7 |       0 |   0.0
        D:2 |      96 |     258 |  72.9 |      10 |       2 |  16.7
        D:3 |     165 |       0 |   0.0 |      13 |       0 |   0.0
        D:4 |     256 |     419 |  62.1 |      23 |      14 |  37.8
        D:5 |     549 |     508 |  48.1 |      12 |       8 |  40.0
        D:6 |     687 |    1129 |  62.2 |      18 |      35 |  66.0
        D:7 |    1936 |     844 |  30.4 |      15 |      13 |  46.4
        D:8 |    1371 |    2157 |  61.1 |      26 |       6 |  18.8
     Lair:1 |    6570 |     692 |   9.5 |      23 |       2 |   8.0
            +---------+---------+-------+---------+---------+-------
